 Dungeon Crawl Stone Soup version 0.23.2-33-g5129a83 (webtiles) character file.

Game seed: 7766868038908365412

414 technought the Slasher (level 7, -3/43 HPs)
             Began as a Kobold Fighter on Aug 6, 2019.
             Was a Follower of Okawaru.
             Killed from afar by an orc wizard (5 damage)
             ... with a magic dart
             ... on level 4 of the Dungeon.
             The game lasted 00:07:54 (3453 turns).

technought the Slasher (Kobold Fighter)             Turns: 3453, Time: 00:07:55

Health: -3/43      AC:  6    Str: 14    XL:     7   Next: 14%
Magic:  7/7        EV:  9    Int: 10    God:    Okawaru [*.....]
Gold:   170        SH:  9    Dex: 15    Spells: 6/6 levels left

rFire    + . .     SeeInvis .   g - +2 dagger (speed)
rCold    x . .     Gourm    .   c - +0 shield
rNeg     . . .     Faith    .   b - +0 scale mail
rPois    .         Spirit   .   (no helmet)
rElec    .         Reflect  .   (no cloak)
rCorr    .         Harm     .   (no gloves)
MR       .....                  (no boots)
Stlth    ..........             (no amulet)
HPRegen  0.14/turn              j - ring of flight
MPRegen  0.10/turn              e - ring of fire

@: slowed, very slow
A: small, carnivore
a: Heroism, Renounce Religion, Evoke Flight


You were on level 4 of the Dungeon.
You worshipped Okawaru.
Okawaru was aware of your devotion.
You were not hungry.

You visited 1 branch of the dungeon, and saw 4 of its levels.

You collected 170 gold pieces.

Inventory:

Hand Weapons
 a - a +1 long sword
 g - a +2 dagger of speed (weapon)
Armour
 b - a +0 scale mail (worn)
 c - a +0 shield (worn)
Jewellery
 e - a ring of fire (right hand)
 j - a ring of flight (left hand)
Scrolls
 h - a scroll of remove curse
Potions
 d - 2 potions of agility
Comestibles
 f - 4 rations


   Skills:
 + Level 4.0 Fighting
 + Level 2.1(4.6) Short Blades
 + Level 4.1(4.2) Long Blades
 + Level 3.1 Armour
 + Level 1.5 Dodging
 + Level 0.1 Stealth
 + Level 3.4 Shields


You had 6 spell levels left.
You didn't know any spells.
Your spell library contained the following spells:

 Spells                   Type           Power        Failure   Level  Hunger
 Animate Skeleton         Necr           N/A          100%        1    ##.....
 Apportation              Tloc           #.....       100%        1    ##.....
 Confusing Touch          Hex            #.....       100%        1    ##.....
 Summon Small Mammal      Summ           #...         100%        1    ##.....


Dungeon Overview and Level Annotations

Branches:
Dungeon (4/15)
 Temple: D:4-7

Altars:
Okawaru

Annotations:
D:2 1 runed translucent door, Crazy Yiuf


Innate Abilities, Weirdness & Mutations

You are small and have problems with some larger weapons.
You are carnivorous and can eat meat at any time.


Message History

You closely miss the orc wizard.
The orc wizard is lightly wounded.
The orc wizard casts a spell at you. The magic dart hits you!
* * * LOW HITPOINT WARNING * * *
You barely miss the orc wizard.
The orc wizard is lightly wounded.
The orc wizard gestures wildly while chanting.
The orc wizard blinks!
The orc wizard hits you but does no damage.
The orc wizard hits you with a +0 dagger.
* * * LOW HITPOINT WARNING * * *
The orc wizard hits you with a +0 dagger.
* * * LOW HITPOINT WARNING * * *
The orc wizard casts a spell at you. The magic dart hits you.
* * * LOW HITPOINT WARNING * * *
The orc wizard points at you and mumbles some strange words.
The magic dart hits you.
You die...

.(...# ......#
.....# ### #...####
##.####...#..#
#.@..........#
#..?.........#
#.o..........#
#....##.[[.###
#....##^.<.########
#.....#...........#
#######............
#............
#......[.....


You could see an orc wizard.

Vanquished Creatures
  A howler monkey (D:3)
  A hound (D:2)
  2 orc wizards (D:3)
  An iguana (D:3)
  Terence (D:3)
  A worker ant (D:2)
  Robin (D:2)
  3 gnolls (D:2)
  8 adders
  A worm (D:2)
  3 dart slugs
  3 leopard geckos
  10 orcs
  2 ball pythons
  9 bats
  4 giant cockroaches
  10 goblins
  8 hobgoblins
  A jackal (D:3)
  A quokka (D:3)
  2 frilled lizards
  9 kobolds
  9 rats
91 creatures vanquished.

Notes
Turn   | Place    | Note
-------+----------+-------------------------------------------
     0 | D:1      | technought the Kobold Fighter began the quest for the Orb.
     0 | D:1      | Reached XP level 1. HP: 14/14 MP: 1/1
   186 | D:1      | Reached XP level 2. HP: 19/19 MP: 2/2
   932 | D:2      | Reached XP level 3. HP: 23/24 MP: 3/3
   986 | D:2      | Found a runed translucent door.
   987 | D:2      | Noticed Crazy Yiuf
  1085 | D:2      | Reached XP level 4. HP: 9/29 MP: 4/4
  1448 | D:2      | Noticed Robin
  1455 | D:2      | Killed Robin
  1460 | D:2      | Reached XP level 5. HP: 22/33 MP: 5/5
  1866 | D:2      | Found an iron altar of Okawaru.
  1885 | D:2      | Became a worshipper of Warmaster Okawaru
  2099 | D:2      | Reached skill level 1 in Dodging
  2171 | D:2      | Reached XP level 6. HP: 25/38 MP: 6/6
  3232 | D:3      | Reached skill level 1 in Short Blades
  3232 | D:3      | Reached XP level 7. HP: 19/43 MP: 7/7
  3292 | D:3      | Noticed Terence
  3323 | D:3      | Killed Terence
  3323 | D:3      | Reached * piety under Okawaru
  3452 | D:4      | HP: 1/43 [orc wizard/magic dart (5)]
  3453 | D:4      | Killed from afar by an orc wizard

Skill      XL: |  1  2  3  4  5  6  7 |
---------------+----------------------+-----
Long Blades    | 2 3 4 |  4.1
Shields        | 3 |  3.4
Dodging        | 1 |  1.5
Armour         | 3 |  3.1
Fighting       | 4 |  4.0
Short Blades   | 1 2 |  2.1
Stealth        | |  0.1

Action                   |  1- 3 |  4- 6 |  7- 9 || total
-------------------------+-------+-------+-------++-------
Melee: Long sword        |    63 |   127 |       ||   190
       Dagger            |       |   162 |    72 ||   234
  Use: Potion            |     4 |     4 |     1 ||     9
       Scroll            |     3 |     2 |     1 ||     6
  Eat: Ration            |       |     5 |       ||     5
Armor: Scale mail        |    22 |   119 |    13 ||   154
Dodge: Dodged            |    23 |   108 |    19 ||   150
Block: Shield            |    35 |   137 |    26 ||   198
       Rpst.: Long sword |     7 |    17 |       ||    24
